 Seeded DCSS version 0.30.1-4-g462c640d31 (webtiles) character file.

Game seed: 6351066067085065685 (custom seed)

307114 Esekla the Sorcerer (level 20, -28/122 HPs)
             Began as a Deep Elf Necromancer on Aug 27, 2023.
             Was the Champion of Vehumet.
             Annihilated by an enormous slime creature (63 damage)
             ... on level 4 of the Vaults.
             The game lasted 05:34:53 (39247 turns).

Esekla the Sorcerer (Deep Elf Necromancer)         Turns: 39247, Time: 05:34:54

Health: -28/122    AC: 23    Str:  6    XL:     20   Next: 32%
Magic:  49/51      EV: 15    Int: 36    God:    Vehumet [******]
Gold:   3171       SH:  0    Dex: 15    Spells: 10/70 levels left

rFire   + + .        a - +12 pair of quick blades "Gyre" and "Gimble" {protect}
rCold   + . .        (shield currently unavailable)
rNeg    + . .        O - +1 ring mail "Uronn" {rF+ Regen+ Int+3}
rPois   +            k - +2 helmet {Int+3}
rElec   +            i - +2 cloak {Stlth+}
rCorr   .            J - +2 pair of gloves "Seteklek" {rF+ rC+}
SInv    .            G - +1 pair of boots of Piysunuo {Str+3}
Will    ++...        B - amulet of magic regeneration
Stlth   +++++        H - ring of Greed {rElec rPois rN+ AC+4 Str-2}
HPRegen 1.20/turn    Q - ring of the Mage {Wiz Archmagi}
MPRegen 0.72/turn

%: wizardry (x1), archmagi
@: wereblooded, radiating poison, frozen, very slow
A: no striking features
}: 2/15 runes: barnacled, gossamer
a: Renounce Religion


You were on level 4 of the Vaults.
You worshipped Vehumet.
Vehumet was exalted by your worship.
You visited 6 branches of the dungeon, and saw 33 of its levels.
You visited 1 bazaar.
You also visited: Trove and Bailey.

You collected 7569 gold pieces.
You spent 4398 gold pieces at shops.

Inventory:

Hand Weapons
 a - the +12 pair of quick blades "Gyre" and "Gimble" (weapon) {protect}
   (You found it in a treasure trove)
 e - a +2 demon blade of electrocution
 f - a +4 scimitar of flaming
 r - a +4 trident of venom
 x - the +8 Vampire's Tooth {megavamp}
   (You bought it in a shop in a bazaar)
Missiles
 v - 85 poisoned darts
 K - 6 curare-tipped darts
 L - 28 boomerangs (quivered)
Armour
 i - a +2 cloak of stealth (worn)
 j - the +0 mask of the Dragon {Will+ Slay+3 SInv}
   (You bought it in a shop in a bazaar)

   Slay:      It affects your accuracy & damage with ranged weapons and melee
   (+3).
   SInv:      It lets you see invisible.
   Will:      It increases your willpower.
 k - a +2 helmet of intelligence (worn)
 G - the +1 pair of boots of Piysunuo (worn) {Str+3}
   (You found it on level 1 of the Spider Nest)

   Str:       It affects your strength (+3).
 J - the +2 pair of gloves "Seteklek" (worn) {rF+ rC+}
   (You found it in a treasure trove)

   rF:        It protects you from fire.
   rC:        It protects you from cold.
 O - the +1 ring mail "Uronn" (worn) {rF+ Regen+ Int+3}
   (You found it on level 4 of the Shoals)

   Int:       It affects your intelligence (+3).
   rF:        It protects you from fire.
   Regen:     It increases your rate of health regeneration.
Jewellery
 l - a ring of protection from cold
 z - the ring of Akemeir {Fire Str+4}
   (You found it in a treasure trove)

   [ring of fire]

   It enhances your fire magic.
   Str:       It affects your strength (+4).
   rF:        It protects you from fire.
   rC:        It makes you vulnerable to cold.
 B - an amulet of magic regeneration (around neck)
 H - the ring of Greed (left hand) {rElec rPois rN+ AC+4 Str-2}
   (You bought it in a shop on level 2 of the Dungeon)

   [ring of protection]

   AC:        It affects your AC (+4).
   Str:       It affects your strength (-2).
   rElec:     It insulates you from electricity.
   rPois:     It protects you from poison.
   rN:        It protects you from negative energy.
 M - the ring "Pileq" {Ice Str+4 Dex+3 Slay+2}
   (You took it off a merfolk on level 4 of the Shoals)

   [ring of ice]

   It enhances your ice magic.
   Str:       It affects your strength (+4).
   Dex:       It affects your dexterity (+3).
   Slay:      It affects your accuracy & damage with ranged weapons and melee
   (+2).
   rF:        It makes you vulnerable to fire.
   rC:        It protects you from cold.
 Q - the ring of the Mage (right hand) {Wiz Archmagi}
   (You bought it in a shop on level 2 of the Dungeon)

   [ring of wizardry]

   It improves your spell success rate.
   Archmagi:  It increases the power of your magical spells.
 R - the ring of Descent {rPois rC+ Int+5 Stlth-}
   (You found it in a treasure trove)

   [ring of protection from cold]

   Int:       It affects your intelligence (+5).
   rC:        It protects you from cold.
   rPois:     It protects you from poison.
   Stlth:     It makes you less stealthy.
Wands
 p - a wand of roots (29)
 u - a wand of mindburst (4)
 E - a wand of flame (30)
 T - a wand of digging (16)
 U - a wand of quicksilver (16)
Scrolls
 g - 3 scrolls of brand weapon
 m - 5 scrolls of enchant armour
 n - 6 scrolls of fog
 q - 3 scrolls of blinking
 w - 5 scrolls of enchant weapon
 y - 3 scrolls of silence
 A - 2 scrolls of magic mapping
 D - 5 scrolls of fear
 F - 16 scrolls of teleportation
 W - 4 scrolls of poison
Potions
 b - 6 potions of magic
 d - 2 potions of heal wounds
 h - 3 potions of curing
 o - 6 potions of brilliance
 s - 3 potions of might
 t - 12 potions of haste
 C - a potion of invisibility
 P - 3 potions of cancellation
 S - 6 potions of flight
 V - 2 potions of resistance
 X - 10 potions of attraction
 Z - 7 potions of ambrosia
Miscellaneous
 c - a lightning rod (4/4)


   Skills:
 - Level 12.0 Fighting
 + Level 8.1(8.3) Short Blades
 + Level 2.0(5.1) Long Blades
 + Level 2.7 Throwing
 + Level 6.6 Armour
 * Level 16.0 Dodging
 + Level 9.9 Stealth
 + Level 1.0 Shields
 * Level 25.9 Spellcasting
 + Level 10.1 Conjurations
 + Level 12.4 Necromancy
 + Level 6.3 Translocations
 + Level 8.2 Transmutations
 + Level 8.2 Fire Magic
 + Level 6.1 Ice Magic
 + Level 10.0 Air Magic
 * Level 10.6 Earth Magic
 - Level 7.5 Poison Magic
 + Level 1.3 Evocations


You had 10 spell levels left.
You knew the following spells:

 Your Spells              Type           Power      Damage    Failure   Level
a - Necrotise             Necr           100%       1d9       0%          1
b - Kiss of Death         Conj/Necr      100%       2d13      0%          1
c - Mephitic Cloud        Conj/Pois/Air  100%       N/A       1%          3
d - Vampiric Draining     Necr           100%       2d13      1%          3
e - Conjure Ball Lightni  Conj/Air       54%        3x3d20    1%          6
f - Fireball              Conj/Fire      53%        3d21      1%          5
i - Irradiate             Conj/Tmut      53%        3d29      1%          5
l - Lee's Rapid Deconstr  Erth           55%        3d26*     1%          5
n - Ignite Poison         Fire/Tmut/Pois 100%       N/A       1%          3
o - Orb of Destruction    Conj           54%        9d14      2%          7
p - Apportation           Tloc           100%       N/A       1%          1
t - Teleport Other        Tloc           95%        N/A       1%          3
v - Poisonous Vapours     Pois/Air       100%       N/A       1%          2
w - Wereblood             Tmut           100%       N/A       1%          2
x - Olgreb's Toxic Radia  Pois           100%       N/A       1%          4
y - Sticky Flame          Conj/Fire      100%       2d11      1%          4
z - Freezing Cloud        Conj/Ice/Air   52%        6-21      1%          5

Your spell library contained the following spells:

 Spells                   Type           Power      Damage    Failure   Level
 Shatter                  Erth           55%        3d42*     82%         9
 Chain Lightning          Conj/Air       54%        3d72      87%         9
 Polar Vortex             Ice            47%        N/A       100%        9
 Magic Dart               Conj           100%       1d8       0%          1
 Sublimation of Blood     Necr           100%       N/A       0%          2
 Foxfire                  Conj/Fire      100%       2x1d9     1%          1
 Shock                    Conj/Air       100%       1d9       1%          1
 Sting                    Tmut/Pois      100%       1d8       1%          1
 Summon Small Mammal      Summ           100%       N/A       1%          1
 Call Imp                 Summ           100%       N/A       1%          2
 Cigotuvi's Dreadful Rot  Necr/Pois/Air  100%       N/A       1%          2
 Lesser Beckoning         Tloc           100%       N/A       1%          2
 Static Discharge         Conj/Air       100%       2-7/arc   1%          2
 Gell's Gravitas          Tloc           95%        N/A       1%          3
 Hailstorm                Conj/Ice       100%       3d20      1%          3
 Inner Flame              Hex/Fire       85%        N/A       1%          3
 Portal Projectile        Hex/Tloc       100%       N/A       1%          3
 Spider Form              Tmut/Pois      100%       N/A       1%          3
 Swiftness                Air            100%       N/A       1%          3
 Vhi's Electric Charge    Tloc/Air       100%       N/A       1%          3
 Airstrike                Air            54%        2d(8-24)  1%          4
 Anguish                  Hex/Necr       47%        N/A       1%          4
 Animate Dead             Necr           100%       N/A       1%          4
 Dispel Undead            Necr           100%       3d31      1%          4
 Flame Wave               Conj/Fire      100%       2d21      1%          4
 Manifold Assault         Tloc           95%        N/A       1%          4
 Passage of Golubria      Tloc           95%        N/A       1%          4
 Petrify                  Tmut/Erth      100%       N/A       1%          4
 Summon Ice Beast         Ice/Summ       80%        N/A       1%          4
 Agony                    Necr           100%       N/A       1%          5
 Arcjolt                  Conj/Air       54%        1d64      1%          5
 Yara's Violent Unravell  Hex/Tmut       43%        3d17      1%          5
 Death Channel            Necr           58%        N/A       1%          6
 Eringya's Noxious Bog    Tmut/Pois      50%        N/A       1%          6
 Plasma Beam              Fire/Air       53%        2x1d74    1%          6
 Starburst                Conj/Fire      53%        6d14      1%          6
 Statue Form              Tmut/Erth      71%        N/A       1%          6
 Silence                  Hex/Air        45%        N/A       2%          5
 Metabolic Englaciation   Hex/Ice        40%        N/A       4%          5
 Cause Fear               Hex            31%        N/A       6%          4
 Dispersal                Tloc           47%        N/A       7%          6
 Lehudib's Crystal Spear  Conj/Erth      55%        10d13     14%         8
 Summon Mana Viper        Hex/Summ       63%        N/A       16%         5
 Maxwell's Capacitive Co  Air            54%        ∞         17%         8
 Ignition                 Fire           51%        3d14      30%         8
 Disjunction              Tloc           47%        N/A       94%         8
 Enfeeble                 Hex            31%        N/A       99%         7
 Summon Hydra             Summ           31%        N/A       99%         7
 Discord                  Hex            31%        N/A       100%        8


Dungeon Overview and Level Annotations

Branches:
Dungeon (14/15)            Temple (0/1) D:6            Lair (5/5) D:11
 Shoals (4/4) Lair:2       Spider (4/4) Lair:3        Slime (0/5) Lair:5
    Orc (2/2) D:10            Elf (0/3) Orc:2        Vaults (4/5) D:13
  Crypt (0/3) Vaults:2     Bailey (visited)

Altars:
Dithmenos
Fedhas
Hepliaklqana
Nemelex Xobeh
Okawaru
Qazlal
Ru
Trog
Uskayaw
Vehumet
Zin
The Shining One
Jiyva

Shops:
D:2 =   D:4 (   D:11 *   Orc:2 **[:   Shoals:2 (   Shoals:3 !   Vaults:1 [
Vaults:4 ?

Portals:
Pandemonium: Orc:2


Message History

Confirm with . or Enter, or press ? or * to list all spells.
Okay, then.
You feel much better.
The vault sentinel looks even sicker.
The yaktaur looks as sick as possible!
The yaktaur captain barely misses you.
The vault sentinel blows a loud note on a signal horn!
The ironbound frostheart calls freezing cold from the walls.
The frost grips you. You resist.
You are encased in ice.
Casting: Poisonous Vapours (safe; 1% risk of failure)
Confirm with . or Enter, or press ? or * to list all spells.
You feel a surge of power!
You ignite the poison in your surroundings!
The yaktaur captain seems to burn from within!!
The yaktaur captain is heavily wounded.
The vault sentinel seems to burn from within!!!
You feel a bit better.
You kill the vault sentinel!
Vehumet accepts your kill.
You feel your power returning.
The yaktaur seems to burn from within!!!!
You kill the yaktaur!
Vehumet accepts your kill.
You feel your power returning.
The yaktaur seems to burn from within!!!!
You kill the yaktaur!
Vehumet accepts your kill.
You feel your power returning.
The ironbound frostheart seems to burn from within!!
The ironbound frostheart is heavily wounded.
The yaktaur seems to burn from within!!!
You kill the yaktaur!
Vehumet accepts your kill.
The ironbound frostheart is poisoned.
The yaktaur captain is poisoned.
The yaktaur captain hits you!
* * * LOW HITPOINT WARNING * * *
Two slime creatures merge to form an enormous slime creature.
The enormous slime creature attacks as you move away!
The enormous slime creature hits you!!!
Ouch! That really hurt!
You die...

... #........ ...
#........
#####'########'#''###
#...°................
#...°................
#....)...............
#.....)..............
#....[...............
#..c@................
###J####+############
#.) #.. #.) #.. #..
#..


You could see a yaktaur captain (poisoned) and an enormous slime creature.

Vanquished Creatures
  Mara (Spider:4)
  Mennas (Vaults:3)
  Rupert (Lair:4)
  4 sphinxes
  2 krakens
  Ilsuiw (Shoals:3)
  2 storm dragons (D:14)
  9 emperor scorpions
  4 ghost moths
  11 vault wardens
  3 orc warlords
  13 ironbound thunderhulks
  9 ironbound preservers
  11 very ugly things
  A broodmother (Spider:3)
  4 war gargoyles (Vaults:2)
  A vampire knight (Vaults:2)
  Azrael (Orc:2)
  7 dire elephants
  A minotaur (Shoals:4)
  2 spark wasps
  2 eidola (Vaults:2)
  3 merfolk javelineers (Shoals:3)
  4 merfolk impalers
  4 fire dragons
  5 entropy weavers
  6 great orbs of eyes
  A deep elf high priest (Vaults:3)
  6 yaktaur captains
  2 peacekeepers (Vaults:2)
  Harold (D:9)
  9 vault guards
  13 ironbound frosthearts
  A demonspawn (Orc:2)
  4 merfolk aquamancers
  3 radroaches
  4 hydras
  16 satyrs
  10 centaur warriors
  2 catoblepae
  3 jorogumos
  An alligator snapping turtle (Shoals:3)
  4 merfolk avatars
  10 boulder beetles
  4 two-headed ogres
  A vampire mage (Vaults:2)
  2 orc high priests (Orc:2)
  2 pharaoh ants
  6 skeletal warriors
  A sun moth (Spider:1)
  Lodul (D:11)
  11 sea snakes
  4 skysharks
  10 orb spiders
  2 glowing orange brains
  Pikel (D:6)
  A swamp dragon (Lair:5)
  8 wizards
  26 deep trolls
  16 ironbound convokers
  3 steelbarb worms
  6 lindwurms
  23 harpies
  A tengu zombie (Vaults:4)
  An oklob plant (Lair:5)
  A deep elf archer (D:14)
  4 necromancers
  8 deep elf pyromancers
  23 ugly things
  8 wolf spiders
  A tengu skeleton (Vaults:4)
  11 orc knights
  19 cyclopes
  9 orc sorcerers (Orc:2)
  3 moths of wrath
  Joseph (D:7)
  A stone giant zombie (Vaults:4)
  25 manticores
  24 fauns
  6 merfolk sirens
  2 black mambas
  A black mamba (shapeshifter) (D:13)
  2 human skeletons (Vaults:4)
  7 water nymphs
  7 torpor snails
  A smoke demon (Orc:2)
  23 vault sentinels
  9 elephants (Lair:5)
  3 gargoyles
  3 demonic crawlers
  11 cane toads
  Psyche (D:11)
  3 rime drakes
  16 komodo dragons
  An unseen horror (D:13)
  A freezing wraith (Vaults:2)
  4 kobold demonologists
  39 yaktaurs
  4 tengu conjurers
  An efreet (D:14)
  A red devil (Orc:2)
  A meliai (D:14)
  28 merfolk
  A polar bear (D:11)
  10 trolls
  13 hornets
  9 tarantellas
  3 tyrant leeches (Lair:5)
  3 wind drakes
  5 blink frogs (Lair:1)
  23 slime creatures
  11 jumping spiders
  8 snapping turtles
  11 spriggans (Lair:3)
  4 centaur simulacra (D:11)
  2 vampires
  7 culicivoras
  5 wraiths
  33 yaks
  4 water elementals
  5 basilisks
  A chaos spawn (Orc:2)
  3 steam dragons
  5 wyverns
  2 vampire mosquitoes
  3 fire elementals (Orc:2)
  29 redbacks
  Menkaure (D:7)
  3 wargs (Orc:2)
  3 acid dragons
  6 ice beasts
  14 water moccasins
  4 hell hounds (Orc:2)
  2 swamp drakes (Lair:5)
  A sky beast (D:6)
  A meliai simulacrum (D:14)
  43 orc warriors
  2 black bears
  4 human zombies (Vaults:4)
  15 ogres
  9 centaurs
  A boggart (shapeshifter) (D:14)
  3 boggarts (Lair:3)
  12 wolves
  A phantom (D:6)
  Blork the orc (D:6)
  6 kobold brigands
  4 gnoll sergeants
  An earth elemental (D:11)
  10 bullfrogs
  3 scorpions
  10 wights
  21 killer bees
  2 howler monkeys (D:10)
  An electric eel (D:11)
  2 quasits (D:8)
  3 gnoll boudas
  6 hounds
  A jelly (D:6)
  Crazy Yiuf (D:7)
  32 orc priests
  12 hell rats
  A sleepcap (D:5)
  7 iguanas
  14 orc wizards
  34 gnolls
  9 adders
  3 shadow imps (D:8)
  9 white imps
  3 ufetubi
  A worm (D:4)
  3 dart slugs
  95 orcs
  6 ball pythons
  4 endoplasms
  9 goblins
  7 hobgoblins
  A quokka (D:1)
  3 training dummies (Shoals:2)
  4 bats
  4 frilled lizards
  24 kobolds
  A rat (D:2)
  A tentacle (Shoals:3)
1330 creatures vanquished.

Vanquished Creatures (collateral kills)
  A spriggan (Lair:3)
1 creature vanquished.

Vanquished Creatures (others)
  An orc high priest (Orc:2)
  An ufetubus (D:8)
  7 tentacles
9 creatures vanquished.

Grand Total: 1340 creatures vanquished

Notes
Turn   | Place    | Note
-------+----------+-------------------------------------------
     0 | D:1      | Esekla the Deep Elf Necromancer began the quest for the
                  | Orb.
     0 | D:1      | Reached XP level 1. HP: 10/10 MP: 6/6
   444 | D:4      | Found a radiant altar of Vehumet.
   455 | D:4      | Found an iron altar of Okawaru.
   467 | D:4      | Found a glowing silver altar of Zin.
   546 | D:4      | Became a worshipper of Vehumet
   630 | D:4      | Found a glowing golden altar of the Shining One.
   807 | D:3      | Reached XP level 2. HP: 15/15 MP: 8/8
   976 | D:2      | Reached skill level 5 in Necromancy
  1196 | D:1      | Reached XP level 3. HP: 17/19 MP: 9/9
  1219 | D:1      | Learned a level 3 spell: Vampiric Draining
  1313 | D:1      | Reached * piety under Vehumet
  1313 | D:1      | Offered knowledge of Kiss of Death by Vehumet.
  1316 | D:1      | Learned a level 1 spell: Kiss of Death
  1410 | D:1      | Learned a level 3 spell: Teleport Other
  1436 | D:1      | Reached skill level 1 in Short Blades
  1676 | D:2      | Reached XP level 4. HP: 24/24 MP: 11/11
  1773 | D:2      | Found a faded altar of an unknown god.
  1873 | D:2      | Noticed a black bear
  1902 | D:2      | Found Renulab's Jewellery Shop.
  1996 | D:2      | Killed a black bear
  1997 | D:2      | Reached skill level 4 in Spellcasting
  1997 | D:2      | Reached skill level 1 in Translocations
  1997 | D:2      | Reached XP level 5. HP: 28/28 MP: 5/13
  2264 | D:3      | Identified the +5 rapier of the Hero {heavy, rN+ Dex+3}
  2453 | D:3      | Found a stormy altar of Qazlal.
  2456 | D:3      | Found a hazy altar of Hepliaklqana.
  2456 | D:3      | Found a bloodstained altar of Trog.
  2632 | D:4      | Found Ponaysk's Antique Weapon Boutique.
  2788 | D:4      | Reached XP level 6. HP: 26/32 MP: 10/14
  3211 | D:5      | Entered Level 5 of the Dungeon
  3219 | D:5      | Got the Parchment of the Lumpy Olives
  3235 | D:5      | Found a shadowy altar of Dithmenos.
  3361 | D:5      | Reached skill level 1 in Throwing
  3361 | D:5      | Reached skill level 5 in Spellcasting
  3397 | D:5      | HP: 1/32 [white imp/puff of frost (8)]
  3551 | D:5      | Reached XP level 7. HP: 36/36 MP: 16/16
  3637 | D:5      | Offered knowledge of Poisonous Vapours by Vehumet.
  3641 | D:5      | Learned a level 2 spell: Poisonous Vapours
  3650 | D:5      | Reached ** piety under Vehumet
  4099 | D:5      | Reached skill level 1 in Air Magic
  4099 | D:5      | Reached skill level 1 in Poison Magic
  4344 | D:6      | Reached skill level 5 in Dodging
  4344 | D:6      | Reached skill level 6 in Spellcasting
  4456 | D:6      | Found a staircase to the Ecumenical Temple.
  4567 | D:5      | Reached XP level 8. HP: 41/41 MP: 10/19
  4733 | D:6      | Noticed Blork the orc
  4917 | D:6      | Killed Blork the orc
  5203 | D:6      | Noticed Pikel
  5221 | D:6      | Killed Pikel
  5222 | D:6      | Reached skill level 8 in Spellcasting
  5254 | D:7      | Found a runed translucent door.
  5255 | D:7      | Noticed Crazy Yiuf
  5264 | D:7      | Killed Crazy Yiuf
  5728 | D:6      | Offered knowledge of Static Discharge by Vehumet.
  5810 | D:6      | Found a blossoming altar of Fedhas.
  5823 | D:6      | Reached XP level 9. HP: 45/45 MP: 23/23
  5841 | D:6      | Learned a level 2 spell: Static Discharge
  6101 | D:7      | Noticed Menkaure
  6112 | D:7      | Killed Menkaure
  6263 | D:7      | Reached skill level 9 in Spellcasting
  6478 | D:7      | Reached *** piety under Vehumet
  6629 | D:7      | Noticed Joseph
  7081 | D:8      | Offered knowledge of Inner Flame by Vehumet.
  7086 | D:8      | Learned a level 3 spell: Inner Flame
  7190 | D:8      | Found a hide-covered altar of Uskayaw.
  7390 | D:8      | Found a transporter.
  7390 | D:8      | Found a transporter.
  7393 | D:8      | Found a transporter.
  7394 | D:8      | Found a transporter.
  7475 | D:8      | Reached skill level 1 in Long Blades
  7605 | D:8      | Noticed a two-headed ogre
  7633 | D:8      | Killed a two-headed ogre
  7634 | D:8      | Reached skill level 10 in Spellcasting
  7634 | D:8      | Reached skill level 5 in Translocations
  7634 | D:8      | Reached XP level 10. HP: 50/50 MP: 26/26
  7701 | D:8      | Reached **** piety under Vehumet
  8087 | D:9      | Found a flagged portal.
  8101 | Bailey   | Entered a bailey
  8118 | Bailey   | Offered knowledge of Flame Wave by Vehumet.
  8126 | Bailey   | Learned a level 4 spell: Flame Wave
  8255 | Bailey   | Identified the +2 bardiche of Puhoisos {heavy, rElec
                  | Stlth+}
  8423 | Bailey   | Noticed an orc knight
  8423 | Bailey   | Noticed an orc knight
  8487 | Bailey   | Killed an orc knight
  8554 | Bailey   | Killed an orc knight
  8555 | Bailey   | Reached skill level 11 in Spellcasting
  9039 | D:9      | Found a sparkling altar of Nemelex Xobeh.
  9090 | D:9      | Noticed a two-headed ogre
  9125 | D:9      | Killed a two-headed ogre
  9126 | D:9      | Reached skill level 1 in Fighting
  9179 | D:9      | Noticed Harold
  9193 | D:9      | Killed Harold
  9194 | D:9      | Reached skill level 5 in Air Magic
  9324 | D:9      | Noticed a cyclops
  9332 | D:9      | Killed a cyclops
  9333 | D:9      | Reached skill level 12 in Spellcasting
  9333 | D:9      | Reached XP level 11. HP: 32/57 MP: 29/29
  9359 | D:9      | Reached skill level 10 in Necromancy
  9600 | D:10     | Entered Level 10 of the Dungeon
  9698 | D:10     | Reached ***** piety under Vehumet
  9702 | D:10     | Offered knowledge of Eringya's Noxious Bog by Vehumet.
  9706 | D:10     | Reached skill level 1 in Evocations
 10293 | D:10     | Found a staircase to the Orcish Mines.
 10306 | D:10     | Learned a level 6 spell: Eringya's Noxious Bog
 10314 | Orc:1    | Entered Level 1 of the Orcish Mines
 10316 | Orc:1    | Noticed an orc knight
 10325 | D:10     | Reached skill level 1 in Fire Magic
 10439 | D:10     | Reached skill level 5 in Stealth
 10674 | D:10     | Killed an orc knight
 11035 | D:2      | Bought the ring of the Mage {Wiz Archmagi} for 714 gold
                  | pieces
 11035 | D:2      | Found the ring of the Mage {Wiz Archmagi}
 11232 | D:7      | Killed Joseph
 11233 | D:7      | Reached skill level 1 in Shields
 11296 | D:11     | Reached skill level 13 in Spellcasting
 11417 | D:10     | Found a sacrificial altar of Ru.
 11504 | D:11     | Reached skill level 1 in Armour
 12035 | D:12     | Found a portal to a secret trove of treasure.
 12084 | D:12     | Learned a level 3 spell: Mephitic Cloud
 12090 | D:12     | Learned a level 5 spell: Freezing Cloud
 12238 | D:12     | Learned a level 5 spell: Fireball
 12258 | D:12     | Noticed a red ugly thing
 12402 | D:12     | Learned a level 2 spell: Wereblood
 12436 | D:12     | Reached skill level 1 in Conjurations
 12526 | Trove    | Entered a treasure trove
 12531 | Trove    | Found the +8 Wrath of Trog {antimagic, *Rage Rampage}
 12531 | Trove    | Found the +12 pair of quick blades "Gyre" and "Gimble"
                  | {protect}
 12535 | Trove    | Identified the ring of Akemeir {Fire Str+4}
 12539 | Trove    | Identified the +2 pair of gloves "Seteklek" {rF+ rC+}
 12560 | Trove    | Identified the ring of Descent {rPois rC+ Int+5 Stlth-}
 12568 | Trove    | Identified the +3 ring mail "Poady" {+Inv rF+ Dex+2 Slay-4}
 12632 | D:11     | Reached skill level 1 in Transmutations
 12636 | D:11     | Got Simple Magic
 12689 | D:11     | Noticed Psyche
 12692 | D:11     | Noticed a two-headed ogre
 12698 | D:11     | Killed Psyche
 12716 | D:11     | Killed a two-headed ogre
 12717 | D:11     | Reached XP level 12. HP: 67/67 MP: 27/31
 12944 | D:11     | Found a staircase to the Lair.
 12991 | D:11     | Reached skill level 5 in Poison Magic
 13069 | D:11     | Found Fagafuf's Pet Rocks.
 13304 | Lair:1   | Entered Level 1 of the Lair of Beasts
 13645 | Lair:1   | Reached skill level 1 in Ice Magic
 13702 | Lair:1   | Reached skill level 5 in Fighting
 14272 | Lair:2   | You fall into a shaft and drop 2 floors!
 14423 | Lair:4   | Reached skill level 14 in Spellcasting
 14499 | Lair:3   | Found a hole to the Spider Nest.
 14516 | Spider:1 | Entered Level 1 of the Spider Nest
 14538 | Spider:1 | Identified the +1 pair of boots of Piysunuo {Str+3}
 14910 | D:11     | Noticed Lodul
 14969 | D:11     | Killed Lodul
 15238 | D:2      | Bought the ring of Greed {rElec rPois rN+ AC+4 Str-2} for
                  | 758 gold pieces
 15524 | Lair:2   | Reached XP level 13. HP: 74/74 MP: 30/33
 15539 | Lair:2   | Found a transporter.
 15539 | Lair:2   | Found a transporter.
 15799 | Lair:2   | Found a staircase to the Shoals.
 15833 | Lair:2   | Reached skill level 5 in Fire Magic
 16246 | Lair:3   | Identified the +3 leather armour of Okawaru's Inspiration
                  | {Str+4}
 16409 | Lair:3   | Reached skill level 5 in Conjurations
 16467 | Lair:3   | Reached skill level 5 in Short Blades
 17027 | Lair:4   | Reached skill level 10 in Dodging
 17048 | Lair:4   | Noticed Rupert
 17076 | Lair:4   | HP: 1/75 [Rupert/+3 great mace of holy wrath (45)]
 17091 | Lair:4   | Killed Rupert
 17171 | Lair:4   | Reached skill level 15 in Spellcasting
 17847 | Lair:4   | Learned a level 3 spell: Ignite Poison
 17859 | Lair:4   | Learned a level 4 spell: Sticky Flame
 17898 | Lair:5   | Entered Level 5 of the Lair of Beasts
 18132 | Lair:5   | Reached XP level 14. HP: 78/82 MP: 35/35
 18162 | Lair:5   | Reached skill level 5 in Armour
 18276 | Lair:5   | Found a runed translucent door.
 18483 | Lair:5   | Found a viscous altar of Jiyva.
 18483 | Lair:5   | Found a staircase to the Slime Pits.
 19035 | Lair:5   | Reached skill level 5 in Ice Magic
 19063 | Lair:5   | Got Utragud's Papyrus of the Inquisitive Olives
 19583 | Orc:2    | Entered Level 2 of the Orcish Mines
 19742 | Orc:1    | Noticed an orc warlord
 20018 | Orc:1    | Killed an orc warlord
 20019 | Orc:1    | Reached skill level 16 in Spellcasting
 20393 | Orc:2    | Found a staircase to the Elven Halls.
 20401 | Orc:2    | Noticed an orc warlord
 20422 | Orc:2    | Killed an orc warlord
 20423 | Orc:2    | Offered knowledge of Irradiate by Vehumet.
 20447 | Orc:2    | Learned a level 5 spell: Irradiate
 20526 | Orc:2    | Found Bamnuus's General Store.
 20548 | Orc:2    | Found Roezostra's General Store.
 20589 | Orc:2    | Noticed Azrael
 20595 | Orc:2    | Killed Azrael
 20806 | Orc:2    | Reached ****** piety under Vehumet
 20970 | Orc:2    | Found Jyohez's Book Shop.
 20970 | Orc:2    | Found Huzal's Antique Armour Boutique.
 20971 | Orc:2    | Found a one-way gate leading to the halls of Pandemonium.
 20978 | Orc:2    | Bought a Young Poisoner's Handbook for 300 gold pieces
 20980 | Orc:2    | Bought a runed helmet for 270 gold pieces
 21050 | Orc:2    | Acquired 1062 gold pieces
 21051 | Orc:2    | Acquired 347 gold pieces
 21052 | Orc:2    | Acquired 1049 gold pieces
 21212 | D:9      | Reached skill level 17 in Spellcasting
 21342 | D:2      | Bought a ring of see invisible for 210 gold pieces
 21493 | D:10     | Reached XP level 15. HP: 71/89 MP: 34/38
 22075 | Spider:2 | Offered knowledge of Lee's Rapid Deconstruction by Vehumet.
 23002 | Spider:3 | Noticed an emperor scorpion
 23014 | Spider:3 | Reached skill level 5 in Transmutations
 23038 | Spider:3 | Killed an emperor scorpion
 23550 | Spider:3 | Reached skill level 18 in Spellcasting
 23660 | Spider:3 | Noticed an emperor scorpion
 23682 | Spider:3 | Killed an emperor scorpion
 24112 | Spider:3 | Learned a level 5 spell: Lee's Rapid Deconstruction
 24125 | Spider:4 | Entered Level 4 of the Spider Nest
 24153 | Spider:4 | Noticed Mara
 24155 | Spider:4 | Noticed Esekla's illusion
 24175 | Spider:4 | Killed Mara
 24176 | Spider:4 | Reached skill level 1 in Earth Magic
 24283 | Spider:4 | Noticed an emperor scorpion
 24461 | Spider:4 | Killed an emperor scorpion
 24785 | Spider:4 | Reached skill level 10 in Fighting
 25051 | Spider:4 | Noticed an emperor scorpion
 25063 | Spider:4 | Noticed an emperor scorpion
 25074 | Spider:4 | Killed an emperor scorpion
 25075 | Spider:4 | Reached XP level 16. HP: 78/97 MP: 34/40
 25813 | Spider:4 | Got a gossamer rune of Zot
 25984 | Shoals:1 | Entered Level 1 of the Shoals
 26011 | Shoals:1 | Offered knowledge of Iron Shot by Vehumet.
 26123 | Shoals:1 | Reached skill level 19 in Spellcasting
 27141 | Shoals:1 | Learned a level 4 spell: Olgreb's Toxic Radiance
 27262 | Shoals:2 | Reached skill level 5 in Earth Magic
 27491 | Shoals:2 | Found Biskeott's Firing Range.
 28169 | Shoals:3 | Reached skill level 20 in Spellcasting
 28301 | Shoals:3 | Noticed Ilsuiw
 28310 | Shoals:3 | Killed Ilsuiw
 28422 | Shoals:3 | Reached XP level 17. HP: 104/104 MP: 40/43
 28428 | Shoals:3 | Offered knowledge of Orb of Destruction by Vehumet.
 28494 | Shoals:3 | Noticed a kraken
 28504 | Shoals:3 | Killed a kraken
 28592 | Shoals:3 | Found Zemonaik's Distillery.
 28958 | Shoals:2 | Identified the +1 animal skin "Kougi" {rPois rF++ MP+9}
 28983 | Shoals:4 | Entered Level 4 of the Shoals
 29121 | Shoals:4 | HP: 4/106 [harpy (12)]
 29144 | Shoals:4 | Reached skill level 21 in Spellcasting
 29151 | Shoals:4 | Paralysed by a sphinx for 5 turns
 29309 | Shoals:4 | Got Cuuv Rytt's Atlas of Hot Beguiling
 29313 | Shoals:4 | Got a barnacled rune of Zot
 29327 | Shoals:4 | Identified the ring "Pileq" {Ice Str+4 Dex+3 Slay+2}
 29391 | Shoals:4 | Paralysed by a sphinx for 5 turns
 29443 | Shoals:4 | Learned a level 7 spell: Orb of Destruction
 29449 | Shoals:4 | Identified the +1 ring mail "Uronn" {rF+ Regen+ Int+3}
 29498 | Shoals:4 | Noticed a kraken
 29636 | Shoals:4 | Killed a kraken
 30032 | D:13     | Offered knowledge of Conjure Ball Lightning by Vehumet.
 30033 | D:13     | Found a gate to the Vaults.
 30221 | D:13     | Reached skill level 22 in Spellcasting
 30911 | D:14     | Reached XP level 18. HP: 112/112 MP: 46/46
 30933 | D:14     | Learned a level 6 spell: Conjure Ball Lightning
 32613 | Vaults:1 | Entered Level 1 of the Vaults
 32740 | Vaults:1 | Offered knowledge of Ozocubu's Refrigeration by Vehumet.
 32753 | Vaults:1 | Identified the +9 arbalest of Xom's Indignation {penet,
                  | Dex+4 Stlth+}
 32922 | Vaults:1 | Found Emogyl Osee's Armour Boutique.
 32933 | Vaults:1 | Reached skill level 23 in Spellcasting
 34064 | Vaults:2 | Reached XP level 19. HP: 113/116 MP: 48/48
 34223 | Vaults:2 | Offered knowledge of Shatter by Vehumet.
 34223 | Vaults:2 | Offered knowledge of Chain Lightning by Vehumet.
 34223 | Vaults:2 | Offered knowledge of Polar Vortex by Vehumet.
 34224 | Vaults:2 | Reached skill level 24 in Spellcasting
 34278 | Vaults:2 | Found a flickering gateway to a bazaar.
 34304 | Bazaar   | Entered a bazaar
 34323 | Bazaar   | Found Huts's Armour Emporium.
 34323 | Bazaar   | Found Fuoqy's Distillery.
 34344 | Bazaar   | Found Luehida's Magic Scroll Shoppe.
 34366 | Bazaar   | Found Subykus's Antique Weapon Emporium.
 34366 | Bazaar   | Found Zefiutze's Weapon Shoppe.
 34394 | Bazaar   | Found Gopir's Armour Shoppe.
 34471 | Bazaar   | Bought a potion of curing for 21 gold pieces
 34471 | Bazaar   | Bought a potion of haste for 70 gold pieces
 34471 | Bazaar   | Bought a potion of mutation for 56 gold pieces
 34477 | Bazaar   | Bought a +1 cloak of stealth for 181 gold pieces
 34502 | Bazaar   | Bought a scroll of teleportation for 33 gold pieces
 34502 | Bazaar   | Bought a scroll of blinking for 82 gold pieces
 34502 | Bazaar   | Bought a scroll of teleportation for 33 gold pieces
 34534 | Bazaar   | Bought the +0 mask of the Dragon {Will+ Slay+3 SInv} for
                  | 367 gold pieces
 34534 | Bazaar   | Found the +0 mask of the Dragon {Will+ Slay+3 SInv}
 34548 | Bazaar   | Bought the +8 Vampire's Tooth {megavamp} for 540 gold
                  | pieces
 34548 | Bazaar   | Found the +8 Vampire's Tooth {megavamp}
 34620 | Vaults:2 | Found a staircase to the Crypt.
 34657 | Vaults:2 | HP: 1/116 [something (29)]
 35157 | Shoals:3 | Bought a potion of heal wounds for 75 gold pieces
 35157 | Shoals:3 | Bought a potion of heal wounds for 75 gold pieces
 35157 | Shoals:3 | Bought 2 potions of heal wounds for 150 gold pieces
 35649 | Vaults:2 | Reached skill level 15 in Dodging
 36466 | Vaults:3 | Noticed Mennas
 36475 | Vaults:3 | Killed Mennas
 36544 | Vaults:3 | Reached skill level 25 in Spellcasting
 36548 | Vaults:3 | Reached skill level 10 in Earth Magic
 37473 | Vaults:4 | Found Gint's Magic Scroll Shop.
 37496 | Vaults:4 | Bought a scroll of brand weapon for 199 gold pieces
 37496 | Vaults:4 | Bought a scroll of amnesia for 84 gold pieces
 37952 | D:11     | Reached XP level 20. HP: 122/122 MP: 47/51
 38109 | Orc:2    | Bought a book of Cantrips for 180 gold pieces
 38111 | Orc:2    | Learned a level 1 spell: Apportation
 38473 | Vaults:4 | Reached skill level 10 in Air Magic
 38713 | Vaults:4 | Reached skill level 10 in Conjurations
 39247 | Vaults:4 | Annihilated by an enormous slime creature

Illustrated notes

Levels and vault maps discovered:
D:1:      sevenhm_arrival_forest_fort_small_3, layout_rooms,
          chequers_serial_rivers_room_b, minmay_misc_feat_five
D:2:      layout_loops_ring, dreamdust_ecumenical_altar_angels_and_demons,
          serial_shops, shop
D:3:      layout_basic, grunt_temple_overflow_open, minmay_misc_feat_iff
D:4:      layout_basic, nicolae_overflow_quartered_altars, serial_shops,
          nicolae_diamond_shop
D:5:      layout_loops_ring, lemuel_doored_altar, minmay_misc_feat_rows,
          dreamdust_wishing_well
D:6:      layout_loops_cross, fedhas_altar_fruit_tree,
          minmay_temple_entry_glass, uniq_pikel, uniq_blork_the_orc
D:7:      layout_basic, uniq_menkaure, uniq_joseph, uniq_crazy_yiuf_cottage
D:8:      layout_basic, nicolae_uskayaw_dance_hall, serial_demonic,
          serial_demonic_d, serial_demonic_a, serial_demonic_c,
          serial_demonic_c, nicolae_diode_quadrants
D:9:      layout_irregular_city, kennysheep_little_box, enter_bailey_4,
          minmay_between, uniq_harold
D:10:     layout_basic, nicolae_ru_awakened_eye
D:11:     layout_rooms, hellmonk_lair_entry_icy, serial_ice, serial_ice_j,
          serial_ice_m, serial_ice_o, serial_ice_c, serial_ice_g, serial_ice_f,
          guppyfry_shop_earth, uniq_psyche, uniq_lodul
D:12:     layout_roguey, nicolae_trove_entry_crossroad
D:13:     layout_loops_ring, lightli_vaults_fourway_checkpoint
D:14:     nzn_winding_woodlands_large [nzn_winding_woodlands_5x5_checkerboard,
          nzn_winding_woodlands_5x15_longhouse,
          nzn_winding_woodlands_5x5_default,
          nzn_winding_woodlands_center_garden,
          nzn_winding_woodlands_15x15_five_gardens,
          nzn_winding_woodlands_center_lodge, nzn_winding_woodlands_5x5_default,
          nzn_winding_woodlands_5x15_crooked, nzn_winding_woodlands_5x5_three],
          layout_loops_corners
Lair:1:   layout_small_grid
Lair:2:   gammafunk_boulding_lane, layout_small_grid, elwin_shoals_entry_rooms
Lair:3:   kb_forest_paths, layout_chaotic_city, spider_nest_entry_rubble
Lair:4:   layout_hall_layers, grunt_megastairs_3, lemuel_fruit_fields,
          uniq_rupert
Lair:5:   guppyfry_lair_end_dragon, layout_misc_corridors, wormcave,
          dpeg_slime_entry_enclosed
Shoals:1: layout_shoals, nicolae_shoals_nautilus_by_nature
Shoals:2: argonaut_golden_fleece, layout_shoals, nicolae_shop_firing_range
Shoals:3: layout_shoals, serial_shops, shop, nicolae_shoals_lost_giant_hut,
          uniq_ilsuiw
Shoals:4: shoals_end_hellmonk_lost_city, serial_shops
Spider:1: layout_spider_delve, nicolae_spider_some_kinda_spiderbox
Spider:2: layout_spider_delve, nicolae_spider_twisty_arc_passages
Spider:3: layout_chambers, nicolae_orb_stairs
Spider:4: grunt_spider_rune_circles, guppyfry_hornet_nest, uniq_mara
Orc:1:    layout_caves
Orc:2:    pf_orc_diabolical, layout_diamond_mine, uniq_azrael
Vaults:1: vaults_dpeg_emergency_exit, nicolae_vaults_ellipses_ellipsis,
          nicolae_vaults_variable_pillar_hall, v_misc_22, v_misc_33,
          nicolae_vaults_closet_pinwheel_3, v_alt_pattern_4, v_alt_pattern_4,
          nicolae_vaults_tetromino_Z_2, nicolae_vaults_taking_the_gang_shopping,
          nicolae_vaults_spaceships, v_misc_33, nicolae_vaults_shelves_hall,
          nicolae_vaults_trapezoid_lopsided_1, nicolae_vaults_little_ls,
          layout_vaults_ring
Vaults:2: ontoclasm_vaults_bender, nicolae_vaults_storage_closets_1, v_misc_9,
          vaults_room_pools, nicolae_vaults_more_shelving_2, v_misc_14,
          vaults_standard_mumra_lines, hangedman_vaults_stream,
          nicolae_vaults_windows_and_doors_thing,
          minmay_crypt_entry_simple_corners, nicolae_vaults_stand_back,
          vaults_dpeg_diagonal, nicolae_vaults_little_squares_5,
          layout_vaults_omnibox, serial_shops, bzr_entry_gold
Vaults:3: nicolae_vaults_three_branches, v_misc_15, vaults_standard_mumra_x,
          v_misc_13, ontoclasm_vaults_loading_screen, nicolae_vaults_tangram_1,
          nicolae_vaults_display_case, vaults_room_ringed_pool,
          nicolae_vaults_octothorpe, vaults_mumra_minichess,
          nicolae_vaults_variable_pillar_hall, v_alt_pattern_6,
          nicolae_vaults_tetromino_L_1, nicolae_vaults_trapezoid_3,
          layout_vaults_big_room, uniq_mennas
Vaults:4: nicolae_vaults_network_periphery, nicolae_vaults_angled_halls,
          ontoclasm_vaults_twist, door_vault, nicolae_vaults_more_shelving_1,
          nicolae_vaults_yaktaur_gun_rack, hangedman_vaults_slither, v_rooms_1,
          ontoclasm_vaults_claustrophobia, nicolae_vaults_trapezoid_lopsided_1,
          grunt_vaults_focal, hangedman_vaults_slice, layout_vaults_omnicross,
          serial_shops, shop

Skill      XL: |  1  2  3  4  5  6  7  8  9 10 11 12 13 14 15 16 17 18 19 20 |
---------------+-------------------------------------------------------------+-----
Dodging        | 3 4 5 6 7 8 9 10 11 12 13 14 15 16 | 16.0
Necromancy     | 5 6 7 8 9 10 11 12 | 12.4
Short Blades   | 1 2 3 4 5 6 7 8 |  8.1
Stealth        | 3 4 5 6 7 8 9 |  9.9
Spellcasting   | 4 5 6 8 10 12 13 14 15 17 18 20 22 23 25 | 25.9
Translocations | 1 2 3 5 6 |  6.3
Throwing       | 1 2 |  2.7
Air Magic      | 1 2 3 5 6 7 8 9 10 | 10.0
Poison Magic   | 1 3 4 5 6 7 |  7.5
Long Blades    | 1 2 |  2.0
Fighting       | 1 4 6 7 8 10 11 12 | 12.0
Evocations     | 1 |  1.3
Fire Magic     | 2 4 5 6 7 8 |  8.2
Shields        | 1 |  1.0
Armour         | 2 3 4 5 6 |  6.6
Conjurations   | 1 4 5 7 8 9 10 | 10.1
Transmutations | 1 3 4 5 6 7 8 |  8.2
Ice Magic      | 2 4 6 |  6.1
Earth Magic    | 2 5 7 8 10 | 10.6

Action                     |  1- 3 |  4- 6 |  7- 9 | 10-12 | 13-15 | 16-18 | 19-21 || total
---------------------------+-------+-------+-------+-------+-------+-------+-------++-------
  Melee: Short sword       |    94 |    89 |       |       |       |       |       ||   183
         Unarmed           |     9 |       |       |       |       |       |       ||     9
         Punch             |       |     1 |     2 |     1 |       |       |       ||     4
         Dagger            |       |     8 |   189 |     1 |       |       |       ||   198
         Rapier            |       |     6 |    36 |    12 |       |       |       ||    54
         Scimitar          |       |       |    38 |   124 |       |       |       ||   162
         Pair of quick bla |       |       |       |   201 |   584 |   460 |   321 ||  1566
         Long sword        |       |       |       |     2 |       |       |       ||     2
  Throw: Dart              |       |    17 |    16 |    14 |     1 |       |       ||    48
         Boomerang         |       |       |       |    10 |    12 |    12 |     4 ||    38
   Cast: Vampiric Draining |     4 |    21 |    71 |   129 |    34 |    49 |    38 ||   346
         Poisonous Vapours |       |       |    62 |   141 |   231 |   220 |    47 ||   701
         Teleport Other    |       |       |     2 |     2 |       |     1 |       ||     5
         Static Discharge  |       |       |       |     5 |       |       |       ||     5
         Mephitic Cloud    |       |       |       |     9 |    44 |    29 |    26 ||   108
         Flame Wave        |       |       |       |     1 |       |       |       ||     1
         Freezing Cloud    |       |       |       |     8 |    48 |    23 |     5 ||    84
         Wereblood         |       |       |       |     4 |    31 |    26 |    17 ||    78
         Fireball          |       |       |       |     4 |     2 |       |       ||     6
         Ignite Poison     |       |       |       |       |    97 |   162 |    48 ||   307
         Sticky Flame      |       |       |       |       |    14 |    28 |    25 ||    67
         Irradiate         |       |       |       |       |     8 |    12 |    12 ||    32
         Olgreb's Toxic Ra |       |       |       |       |       |    40 |    22 ||    62
         Lee's Rapid Decon |       |       |       |       |       |     1 |       ||     1
         Apportation       |       |       |       |       |       |       |     1 ||     1
  Evoke: Wand              |       |       |     7 |    30 |       |       |       ||    37
    Use: Scroll            |     1 |       |     8 |    14 |     9 |     4 |     6 ||    42
         Potion            |       |       |     1 |     3 |     6 |     5 |     9 ||    24
   Stab: Distracted        |     1 |       |       |     1 |       |       |       ||     2
         Sleeping          |     3 |     2 |     7 |    11 |     8 |    15 |    12 ||    58
         Confused          |       |       |       |     7 |    30 |    18 |    21 ||    76
         Paralysed         |       |       |       |       |     1 |       |       ||     1
 Armour: Robe              |    69 |    17 |    60 |    61 |       |       |       ||   207
         Troll leather arm |       |       |       |    41 |   259 |   152 |       ||   452
         Ring mail         |       |       |       |       |       |   103 |   140 ||   243
  Dodge: Dodged            |   199 |    72 |   251 |   322 |   389 |   473 |   138 ||  1844
         Repelled          |       |       |       |       |       |    13 |       ||    13
